Map: Ulrena

Players

WildCatBrown

  • Race: Protoss Protoss
  • League: Bronze

CrimsonGhost - Winner!

  • Race: Terran Terran
  • League: Gold

VOD

Have the link to the VOD?

Description

Time

  • Played on: Dec. 24, 2015, 9:02 a.m.
  • Length: 16:09
Show
View Real Time Build Order
Export as new Build Order

WildCatBrown Protoss 

Build Orders: 1 Gate Expand 

Get SALT Encoding   

  12  0:01  Probe (Chrono Boost)  
  13  0:11  Probe (Chrono Boost)  
  14  0:19  Pylon  
  14  0:22  Probe (Chrono Boost)  
  15  0:32  Assimilator  
  15  0:35  Assimilator  
  15  0:38  Probe (Chrono Boost)  
  16  0:48  Probe (Chrono Boost)  
  17  0:54  Gateway  
  17  0:59  Probe (Chrono Boost)  
  18  1:09  Probe (Chrono Boost)  
  19  1:20  Probe (Chrono Boost)  
  20  1:31  Probe (Chrono Boost)  
  21  1:39  Nexus  
  21  1:43  Probe (Chrono Boost)  
  22  1:55  Probe (Chrono Boost)  
  22  2:00  Cybernetics Core  
  23  2:13  Pylon  
  23  2:25  Gateway  
  25  2:37  Mothership Core (Chrono Boost)  
  25  2:38  Warp Gate  
  25  2:52  Probe (Chrono Boost)  
  25  2:54  Pylon  
  25  2:55  Probe (Chrono Boost)  
  27  2:58  Adept  
  30  3:05  Probe (Chrono Boost)  
  30  3:12  Probe (Chrono Boost)  
  31  3:15  Forge  
  31  3:16  Probe (Chrono Boost)  
  32  3:22  Probe (Chrono Boost)  
  32  3:26  Probe (Chrono Boost), Adept  
  36  3:40  Gateway  
  36  3:41  Probe (Chrono Boost)  
  36  3:42  Probe (Chrono Boost)  
  37  3:51  Adept  
  37  3:52  Probe (Chrono Boost), Protoss Ground Weapons Level 1 (Chrono Boost)  
  40  4:04  Twilight Council, Adept  
  43  4:10  Probe (Chrono Boost)  
  43  4:11  Probe (Chrono Boost)  
  44  4:17  Assimilator  
  44  4:20  Probe (Chrono Boost), Pylon  
  41  4:43  Pylon  
  34  4:46  Adept x2  
  36  4:57  Adept  
  38  5:09  Resonating Glaives  
  38  5:13  Adept  
  38  5:14  Adept  
  42  5:24  Adept  
  42  5:25  Pylon  
  44  5:29  Pylon  
  44  5:34  Pylon  
  44  5:38  Pylon  
  44  5:43  Adept  
  46  6:15  Robotics Facility  
  46  6:42  Stalker x2  
  46  6:43  Stalker  
  52  6:52  Gateway  
  52  6:53  Gateway  
  52  7:02  Warp Prism (Chrono Boost)  
  54  7:08  Protoss Ground Weapons Level 2  
  54  7:11  Blink  
  54  7:13  Stalker x2  
  58  7:34  Observer (Chrono Boost)  
  59  7:58  Warp Prism (Chrono Boost)  
  61  8:06  Adept x4  
  61  8:07  Adept  
  61  8:50  Adept  
  61  8:51  Adept x3  
  61  8:52  Adept, Pylon  
  61  8:55  Pylon  
  71  9:20  Zealot x4  
  51  10:33  Nexus  
  51  10:37  Pylon  
  51  10:39  Pylon  
  51  10:44  Adept x2  
  55  11:53  Probe  
  56  12:03  Probe  
  57  12:14  Probe  
  58  12:25  Probe  
  59  12:35  Probe, Nexus  
  59  12:38  Pylon  
  59  12:46  Probe  
  60  12:56  Probe  
  60  12:58  Adept  
  63  13:07  Probe  
  64  13:17  Stalker x3, Probe  
  63  13:28  Probe  
  62  13:36  Dark Shrine  
  62  13:46  Stalker x2  
  45  14:28  Adept  
  45  14:29  Adept x2  
  35  15:00  Dark Templar x3  
  37  15:44  Dark Templar x3  
Show
View Real Time Build Order
Export as new Build Order

CrimsonGhost Terran - Winner!

Build Orders: MMM Bio 

Get SALT Encoding   

  12  0:00  SCV  
  13  0:12  SCV  
  14  0:22  Supply Depot  
  14  0:25  SCV  
  15  0:44  SCV  
  15  0:46  Barracks  
  15  0:48  Refinery  
  16  0:56  SCV  
  17  1:06  Barracks  
  17  1:08  SCV  
  18  1:20  SCV  
  18  1:21  Supply Depot  
  20  1:33  Barracks Tech Lab  
  20  1:37  Orbital Command  
  19  1:44  Supply Depot  
  19  1:56  Marine  
  20  2:02  Marine  
  20  2:04  Stimpack  
  21  2:09  SCV  
  22  2:15  Barracks  
  22  2:19  Marine  
  22  2:21  Marine  
  24  2:31  SCV  
  24  2:36  Marine  
  26  2:40  Barracks, Marine  
  26  2:43  SCV  
  28  2:54  Marine  
  28  2:56  SCV, Supply Depot  
  28  2:58  Marine  
  31  3:02  Marine  
  32  3:08  SCV  
  32  3:12  Marine  
  34  3:16  Marauder  
  36  3:20  Marine  
  37  3:29  Supply Depot  
  37  3:37  Marauder  
  39  3:58  Marine x2  
  39  3:59  Marauder  
  43  4:04  Marine  
  43  4:05  Concussive Shells  
  44  4:10  Factory  
  44  4:16  Marine  
  45  4:26  Barracks Reactor  
  42  4:48  Combat Shields  
  37  5:05  Marine  
  37  5:06  Marine x3  
  42  5:07  Marauder  
  42  5:11  Command Center  
  42  5:21  Refinery  
  44  5:28  Marauder  
  46  5:50  Marauder  
  46  5:59  Factory Reactor  
  46  6:00  Starport  
  46  6:01  Marine x2  
  48  6:11  Marauder  
  49  6:14  Marine  
  49  6:16  SCV  
  51  6:25  Supply Depot  
  51  6:26  Marine x3  
  51  6:28  SCV  
  51  6:31  Refinery, Orbital Command  
  51  6:32  Marauder  
  57  6:33  Refinery  
  57  6:40  SCV  
  58  6:52  SCV  
  58  6:54  Medivac, Marauder  
  61  6:58  Medivac  
  61  7:00  SCV  
  66  7:04  SCV  
  67  7:12  Supply Depot, SCV  
  67  7:15  Marauder  
  70  7:21  Supply Depot  
  70  7:24  SCV  
  71  7:32  Medivac x2  
  71  7:36  SCV  
  71  7:37  Supply Depot  
  76  7:48  SCV  
  76  7:49  Supply Depot  
  77  8:00  SCV  
  62  8:48  Marine x5  
  55  8:50  Widow Mine  
  49  9:06  Marine x4  
  49  9:07  Marauder  
  55  9:17  Bunker  
  55  9:19  Widow Mine  
  57  9:28  Marauder  
  57  9:47  Widow Mine  
  57  9:49  Marauder  
  50  10:02  Marine  
  50  10:03  Marine  
  52  10:10  Marine  
  53  10:16  Widow Mine  
  53  10:20  Marine  
  56  10:27  Command Center  
  56  10:29  Marauder  
  56  10:35  SCV  
  59  10:44  Widow Mine  
  59  10:46  Orbital Command  
  59  10:49  Engineering Bay  
  61  10:50  Marauder  
  61  10:57  Medivac x2  
  67  11:08  Barracks  
  67  11:42  Orbital Command  
  67  11:55  Missile Turret  
  67  11:59  Missile Turret  
  67  12:02  Missile Turret  
  67  12:04  SCV  
  68  12:16  SCV  
  69  12:28  SCV  
  70  12:39  Marine x2, Marauder  
  70  12:40  SCV  
  70  12:42  Widow Mine  
  77  12:49  Barracks  
  77  12:51  Marine x2  
  77  12:52  SCV  
  77  12:57  Marine x2  
  79  13:00  Marauder  
  80  13:09  Marine x2  
  80  13:10  Widow Mine  
  78  13:22  Marauder  
  79  13:36  SCV  
  80  13:44  Marine, Marauder  
  80  13:48  SCV  
  84  13:58  Marine x2  
  84  14:00  SCV  
  87  14:05  Marauder  
  87  14:08  Marine  
  90  14:12  SCV  
  85  14:24  SCV  
  85  14:27  Marauder  
  84  14:48  Marauder  
  83  15:10  Marine x3, Marauder  
  86  15:27  Marine x2  
  88  15:31  Marauder  
  90  15:36  SCV  
  91  15:44  Missile Turret  
  91  15:47  SCV  
  91  15:48  SCV, Starport Tech Lab  
  93  15:54  Missile Turret  
  93  15:56  Missile Turret  
Tags
 
Composition
MMM Bio
Matchup
PvT
Add a new tag
Caveats
  • Supply blocks, unpowered buildings, or Contaminate may cause inaccurate times.
  • Supply counts are checked every 10 seconds.